 Dungeon Crawl Stone Soup version 0.28.0-45-g0d030f2227 (webtiles) character file.

Game seed: 5950456363298753617

63 Bruhh the Magician (level 4, -4/31 HPs)
             Began as a Djinni Ice Elementalist on Apr 22, 2022.
             Frozen to death by an endoplasm (6 damage)
             ... on level 1 of the Dungeon.
             The game lasted 00:03:32 (3385 turns).

Bruhh the Magician (Djinni Ice Elementalist)        Turns: 3385, Time: 00:03:34

Health: -4/31      AC:  2    Str:  7    XL:     4   Next: 30%
Gold:   88         EV: 12    Int: 19    God:
                   SH:  0    Dex: 13

rFire   + + .      SeeInvis .   k - +1 dagger (freeze)
rCold   x . .      Faith    .   (no shield)
rNeg    . . .      Spirit   .   a - +0 robe
rPois   ∞          Reflect  .   (no helmet)
rElec   .          Harm     .   (no cloak)
rCorr   .          Rampage  .   (no gloves)
Will    .....                   (boots unavailable)
Stlth   ++........              (no amulet)
HPRegen 0.10/turn               (no ring)
MPRegen 0.00/turn               (no ring)

@: freezing walls, flying
A: sickness immunity, fire resistance 2, cold vulnerability 1, float, innate
caster, HP casting, extra vitality 1
a: no special abilities


You were on level 1 of the Dungeon.
You visited 1 branch of the dungeon, and saw 2 of its levels.

You collected 88 gold pieces.

Inventory:

Hand Weapons
 k - a +1 dagger of freezing (weapon)
Armour
 a - a +0 robe (worn)
Scrolls
 b - 2 scrolls of vulnerability {unknown}
 c - a scroll of amnesia {unknown}
 i - a scroll of blinking {unknown}
 j - 2 scrolls of identify {unknown}
Potions
 d - a potion of invisibility {unknown}
 e - a potion of curing {unknown}
 f - 2 potions of lignification {unknown}
 g - a potion of attraction {unknown}
 h - a potion of might {unknown}
 l - a potion of brilliance {unknown}


   Skills:
 - Level 2.1 Dodging
 - Level 1.5 Stealth
 + Level 4.4 Spellcasting


You couldn't memorise any spells.
You knew the following spells:

 Your Spells              Type           Power      Damage    Failure   Level
a - Freeze                Ice            80%        1d9       2%          1
b - Frozen Ramparts       Ice            40%        1d6       6%          3
c - Ozocubu's Armour      Ice            20%        N/A       6%          3
d - Hailstorm             Conj/Ice       20%        3d6       22%         4
e - Sting                 Tmut/Pois      80%        1d7       2%          1
Your spell library was empty.

Dungeon Overview and Level Annotations

Branches:
Dungeon (2/15)

Altars:

Shops:
D:2 (


Innate Abilities, Weirdness & Mutations

You are immune to sickness and miasma.
You are immune to poison.
Your flesh is very heat resistant. (rF++)
You are vulnerable to cold. (rC-)
You float through the air rather than walking.
You learn spells naturally, not from books.
Your magical power is your life essence.
You have superior vitality. (+4 MHP)


Message History

You are too injured to fight recklessly!
You are too injured to fight recklessly!
You are too injured to fight recklessly!
Casting: Freeze (safe; 2% risk of failure)
Confirm with . or Enter, or press ? or * to list all spells.
Casting: Frozen Ramparts (dangerous; 6% risk of failure)
Press: ? - help, Dir - look around, f - activate You miscast Frozen Ramparts.
You are very lightly contaminated with residual magic.
Nothing appears to happen.
* * * LOW HITPOINT WARNING * * *
The endoplasm freezes you.
You are frozen.
You feel a terrible chill!
* * * LOW HITPOINT WARNING * * *
Things that are here:
a +0 hunting sling; 14 sling bullets Your magical contamination has completely faded away.
There is a stone staircase leading down here.
The kobold throws a stone.
The stone hits you.
* * * LOW HITPOINT WARNING * * *
The kobold throws a stone.
The stone hits you but does no damage.
Items here: ( ) [ ÷.
The endoplasm freezes you.
You are frozen.
You feel a terrible chill!
* * * LOW HITPOINT WARNING * * *
There is a stone staircase leading up here.
The endoplasm hits you.
* * * LOW HITPOINT WARNING * * *
You fly upwards.
There is a stone staircase leading down here.
Casting: Frozen Ramparts (dangerous; 6% risk of failure)
Confirm with . or Enter, or press ? or * to list all spells.
Casting: Frozen Ramparts (dangerous; 6% risk of failure)
Press: ? - help, Dir - look around, f - activate The walls around you are covered in ice.
* * * LOW HITPOINT WARNING * * *
The wall freezes the endoplasm.
The endoplasm freezes you.
You are frozen.
You feel a terrible chill!
You die...

####### ##### ######### #.....#
#####...# #.......###...#.##
#.......#
#.#####.##..##...######.###...#
#.# ###.##>.............# ##.##
#.# #........#@....###### ##...
#.# #.#.###.>J#...## ##...#
###.# #.#.# #.###..## #..#..
.##.###.#.# #......# #.###.
.##.......# ######.# #..#..
.####.##### ##+## ##.... .# #.#
##...## ##.#. .####.####
##.....## ###... ...##.##.##
##.......## ##.###.


You could see an endoplasm.

Vanquished Creatures
  A worm (D:2)
  2 dart slugs (D:1)
  6 ball pythons
  4 bats
  3 endoplasms
  2 giant cockroaches (D:2)
  4 goblins
  5 hobgoblins
  5 jackals (D:1)
  4 quokkas
  3 frilled lizards
  6 kobolds
  4 rats
49 creatures vanquished.

Notes
Turn   | Place    | Note
-------+----------+-------------------------------------------
     0 | D:1      | Bruhh the Djinni Ice Elementalist began the quest for the
                  | Orb.
     0 | D:1      | Reached XP level 1. HP: 15/15 MP: 0/0
   291 | D:1      | Reached XP level 2. HP: 17/21 MP: 0/0
   921 | D:1      | Reached XP level 3. HP: 22/25 MP: 0/0
   921 | D:1      | Learned a level 1 spell: Sting
   985 | D:1      | Reached skill level 4 in Spellcasting
  1251 | D:1      | Found a faded altar of an unknown god.
  2563 | D:2      | Found Zeippung's Antique Weapon Shoppe.
  2603 | D:2      | Reached XP level 4. HP: 12/31 MP: 0/0
  3385 | D:1      | Frozen to death by an endoplasm

Illustrated notes

Levels and vault maps discovered:
D:1:      lightli_arrival_chessboard, layout_loops_corners,
          hellmonk_ecumenical_altar_inner_sanctum
D:2:      layout_loops_cross, serial_shops, nicolae_shop_statue_plus,
          minmay_vboxes

Skill      XL: |  1  2  3 |
---------------+----------+-----
Spellcasting   | 4 |  4.4
Dodging        | |  2.1
Stealth        | |  1.5

Action                   |  1- 3 |  4- 6 || total
-------------------------+-------+-------++-------
Melee: Unarmed           |    13 |       ||    13
       Dagger            |       |    10 ||    10
 Cast: Freeze            |    52 |    18 ||    70
       Frozen Ramparts   |       |     1 ||     1
 Stab: Sleeping          |     1 |       ||     1
Armor: Robe              |     9 |     5 ||    14
Dodge: Dodged            |    49 |    17 ||    66
